 Dungeon Sprint DCSS version 0.28.0-43-g3370ac3207 (webtiles) character file.

Game seed: 14724866023676009415

838 boopmooplesden the Carver (level 7, -4/76 (77) HPs)
             Began as a Minotaur Berserker on Mar 15, 2022.
             Was a Priest of Trog.
             Killed from afar by a ynoxinul (18 damage)
             ... with an iron shot
             ... summoned by a kobold demonologist
             ... in the Dungeon (Sprint I: "Red Sonja").
             The game lasted 00:00:53 (562 turns).

boopmooplesden the Carver (Minotaur Berserker)       Turns: 562, Time: 00:00:54

HP:   -4/76 (77)    AC:  3    Str: 22    XL:     7   Next: 67%
MP:   6/6           EV: 13    Int:  4    God:    Trog [***...]
Gold: 270           SH:  0    Dex: 11    Spells: 6/6 levels left

rFire   . . .      SeeInvis .   k - +2 scythe (flame)
rCold   . . .      Faith    .   (shield currently unavailable)
rNeg    . . .      Spirit   .   j - +0 leather armour
rPois   .          Reflect  .   (helmet restricted)
rElec   .          Harm     .   (no cloak)
rCorr   .          Rampage  .   (no gloves)
Will    .....      NoTele   +   (no boots)
Stlth   +.........              (no amulet)
HPRegen 0.22/turn               (no ring)
MPRegen 0.10/turn               (no ring)

@: on berserk cooldown, slowed, lightly drained, very slow
A: horns 2, retaliatory headbutt
a: Renounce Religion, Berserk, Trog's Hand


You were in the Dungeon.
You worshipped Trog.
Trog was most pleased with you.
You visited 1 branch You collected 270 gold pieces.

Inventory:

Hand Weapons
 a - a +0 falchion
 k - a +2 scythe of flaming (weapon)
Armour
 b - a +0 animal skin
 j - a +0 leather armour (worn)
Wands
 i - a wand of digging (7)
Scrolls
 h - a scroll of blinking
Potions
 c - a potion of curing
 d - a potion of heal wounds
 e - a potion of haste
 f - 2 potions of magic
 g - a potion of berserk rage


   Skills:
 + Level 12.2 Fighting
 + Level 13.6 Long Blades
 + Level 2.7 Polearms
 + Level 7.0 Armour
 + Level 6.3 Dodging
 + Level 0.5 Stealth


You had 6 spell levels left.
You didn't know any spells.
Your spell library was empty.

Dungeon Overview and Level Annotations

Branches:
Dungeon (1/1)

Altars:
Makhleb
Xom
Jiyva
Lugonu


Innate Abilities, Weirdness & Mutations

You have a pair of horns on your head.
You reflexively headbutt those who attack you in melee.


Message History

The ynoxinul hits you but does no damage.
The ufetubus hits you. The ufetubus misses you.
The ufetubus hits you but does no damage.
The ufetubus barely misses you.
You barely miss the ufetubus. Your headbutt misses the ufetubus.
The ufetubus is heavily wounded.
The ufetubus hits you. x2; The ufetubus misses you.
The ufetubus barely misses you.
The ynoxinul hits you but does no damage.
The ufetubus hits you. The ufetubus closely misses you. x2
The ufetubus completely misses you.
The kobold demonologist casts a cantrip, but nothing happens.
The ynoxinul barely misses you.
The ufetubus hits you but does no damage.
The ufetubus hits you. The ufetubus closely misses you.
You furiously retaliate!
You headbutt the ufetubus!
You kill the ufetubus!
The ufetubus disappears in a puff of smoke!
The ufetubus hits you. The ufetubus closely misses you. The ynoxinul hits you.
You hit the ynoxinul. You burn the ynoxinul.
The ynoxinul is lightly wounded.
The ufetubus closely misses you. The ufetubus barely misses you. x2
You furiously retaliate!
You headbutt the ufetubus. The ufetubus hits you. The ynoxinul misses you.
The ufetubus closely misses you. The ufetubus barely misses you.
The soul eater draws from the surrounding life force!
The ynoxinul misses you. The ufetubus hits you.
The ufetubus closely misses you. The soul eater hits you.
You feel drained. The ynoxinul gestures at you. The iron shot hits you!!
* * * LOW HITPOINT WARNING * * *
You hit the soul eater but do no damage.
You headbutt the soul eater, but do no damage.
The ufetubus misses you. You furiously retaliate!
You headbutt the ufetubus.
The ufetubus closely misses you. x2; You furiously retaliate!
You headbutt the ufetubus, but do no damage.
The ufetubus closely misses you. The soul eater misses you.
The ynoxinul gestures at you. The iron shot hits you!!
You die...

#####################
.').#..'..#__#.5@3K.#
.#..'[.#..'..'..#35.#
###'#####+#__####5..+
#..# #### #### ####


You could see a soul eater (summoned), a kobold demonologist, a ynoxinul
(summoned) and 3 ufetubi.

Vanquished Creatures
  A kobold demonologist (D)
  A slime creature (D)
  Sigmund (D)
  A floating eye (D)
  An ogre (D)
  Ijyb (D)
6 creatures vanquished.

Notes
Turn   | Place    | Note
-------+----------+-------------------------------------------
     0 | D        | boopmooplesden the Minotaur Berserker began the quest for
                  | the Orb.
     0 | D        | Reached XP level 1. HP: 19/19 MP: 0/0
     1 | D        | Noticed Ijyb
    10 | D        | Killed Ijyb
    11 | D        | Reached skill level 5 in Fighting
    11 | D        | Reached skill level 5 in Long Blades
    11 | D        | Reached XP level 2. HP: 28/29 MP: 1/1
   110 | D        | Noticed an ogre
   112 | D        | Killed an ogre
   113 | D        | Reached skill level 7 in Long Blades
   113 | D        | Reached XP level 3. HP: 39/39 MP: 2/2
   113 | D        | Reached XP level 4. HP: 47/47 MP: 3/3
   327 | D        | Noticed Sigmund
   332 | D        | Killed Sigmund
   332 | D        | Reached ** piety under Trog
   333 | D        | Reached skill level 10 in Long Blades
   333 | D        | Reached skill level 5 in Armour
   333 | D        | Reached XP level 5. HP: 57/57 MP: 4/4
   385 | D        | Found a burning altar of Makhleb.
   385 | D        | Found a shimmering altar of Xom.
   385 | D        | Noticed a slime creature
   386 | D        | Found a viscous altar of Jiyva.
   386 | D        | Found a corrupted altar of Lugonu.
   389 | D        | Killed a slime creature
   390 | D        | Reached skill level 10 in Fighting
   390 | D        | Reached skill level 11 in Long Blades
   390 | D        | Reached skill level 1 in Polearms
   390 | D        | Reached skill level 5 in Dodging
   390 | D        | Reached XP level 6. HP: 52/67 MP: 5/5
   549 | D        | Noticed a kobold demonologist
   551 | D        | Noticed a floating eye
   551 | D        | Noticed a kobold demonologist
   552 | D        | Noticed a ynoxinul
   552 | D        | Killed a floating eye
   553 | D        | Reached skill level 12 in Long Blades
   553 | D        | Reached XP level 7. HP: 74/74 MP: 6/6
   557 | D        | Noticed a red devil
   557 | D        | Killed a kobold demonologist
   557 | D        | Reached *** piety under Trog
   558 | D        | Reached skill level 13 in Long Blades
   559 | D        | Noticed a soul eater
   562 | D        | Killed from afar by a ynoxinul

Illustrated notes

Levels and vault maps discovered:
D:        dungeon_sprint_1 [red_sonja_temple_1, red_sonja_temple_small_1]

Skill      XL: |  1  2  3  4  5  6  7 |
---------------+----------------------+-----
Fighting       | 5 7 9 10 11 12 | 12.2
Long Blades    | 5 7 10 11 12 13 | 13.6
Armour         | 3 4 5 6 7 |  7.0
Dodging        | 3 4 5 6 |  6.3
Polearms       | 1 2 |  2.7
Stealth        | |  0.5

Action                   |  1- 3 |  4- 6 |  7- 9 || total
-------------------------+-------+-------+-------++-------
Melee: Falchion          |     9 |     2 |       ||    11
       Headbutt          |     1 |     2 |     2 ||     5
       Scythe            |       |     3 |    10 ||    13
Invok: Berserk           |     2 |     3 |       ||     5
Armor: Animal skin       |     1 |       |       ||     1
       Leather armour    |       |       |     5 ||     5
Dodge: Dodged            |     3 |     4 |    32 ||    39
